AoeStats
← brachigol

African Clearing

504140831Analyzed
3v3 RM · 29d ago on Sep 4, 2026· 29m 14s· 6 players
Game mode
Random Map
Map size
Normal (6 player)
Population
200
Speed
Normal
Resources
Standard
Victory
Conquest
Starting age
Dark Age
Ending age
Imperial Age
RankedLock teamsTeams togetherTeam positionsShared explorationLock speedFull tech treeHidden civsTurbo modeCheats
Victory
Defeat
🇨🇱 Berbers · Chile
1229
+20
🇨🇴 Ethiopians · Colombia
1221
+21
🇲🇽 Khitans · Mexico
1216
+21
🇵🇪 Khmer · Peru
1338
-21
🇵🇪 Britons · Peru
1323
-21
🇵🇪 Vietnamese · Peru
1315
-20
Kikin24
5:47 Loom
14:36 Feudal Age
16:07 Double-Bit Axe
18:44 Castle Age
18:12 Forging
18:08 Scale Barding Armor
25:13 Iron Casting
reiner48001
12:16 Loom
14:59 Feudal Age
15:54 Double-Bit Axe
24:49 Fletching
27:05 Castle Age
28:16 Bodkin Arrow
R MikuN
11:12 Loom
13:32 Feudal Age
14:04 Double-Bit Axe
16:23 Scale Barding Armor
17:18 Forging
20:30 Wheelbarrow
24:04 Castle Age
23:32 Bloodlines
26:40 Gold Mining
brachigol
4:31 Loom
4:47 Loom
12:03 Feudal Age
14:37 Fletching
25:07 Castle Age
24:03 Gold Mining
24:04 Stone Mining
24:06 Double-Bit Axe
25:50 Bodkin Arrow
mik3lo
5:52 Loom
13:19 Feudal Age
14:36 Double-Bit Axe
16:26 Horse Collar
21:35 Castle Age
21:46 Forging
21:59 Bloodlines
21:45 Light Cavalry
23:57 Scale Barding Armor
24:25 Town Watch
26:03 Husbandry
29:03 Gold Mining
MZTK | Lenz
6:12 Loom
14:35 Feudal Age
19:06 Castle Age
18:00 Double-Bit Axe
21:06 Town Watch
24:05 Fletching
Connection lost

Rejoining the realm…

Still unreachable

The connection could not be restored.

Session expired

The server has moved on; the page needs a fresh start.